 Dungeon Crawl Stone Soup version 0.30-a0-782-ge64f9170bb (console) character file.

Game seed: 6326495194676323568

229236 Banquo the Eclecticist (level 19, -5/143 (145) HPs)
             Began as a Djinni Air Elementalist on Feb 18, 2023.
             Was an Initiate of Gozag.
             Slain by an ironbound convoker
             ... wielding a +0 dire flail
              (20 damage)
             ... in the Desolation of Salt on Feb 19, 2023.
             The game lasted 03:30:11 (38182 turns).

Banquo the Eclecticist (Djinni Air Elementalist)   Turns: 38182, Time: 03:30:12

HP:   -5/143 (145)  AC:  6    Str:  7    XL:     19   Next: 71%
Gold: 6415          EV: 17    Int: 32    God:    Gozag SH: 19 Dex: 13

rFire   + + +      SeeInvis +    F - +8 scimitar {antimagic, rPois rCorr Int+6 Stlth-}
rCold   + + .      Faith    .    i - +2 tower shield {rC+}
rNeg    + . .      Spirit   .    d - +1 robe of Vines {NoPotionHeal Regen++++}
rPois   ∞          Reflect  .    h - +2 hat
rElec   +          Harm     .    e - scarf {repulsion}
rCorr   +          Rampage  .    g - +0 pair of gloves
Will    +....                    (boots unavailable)
Stlth   ++                       N - amulet "Weukin" {rElec Regen+}
HPRegen 4.43/turn                S - ring of see invisible
MPRegen 0.00/turn                y - ring "Idghaem" {rPois rF+ rC+ rN+ Stlth+}

@: resistant, on berserk cooldown, flying, hasted and slowed, lightly drained,
invisible, repel missiles
A: sickness immunity, fire resistance 2, cold vulnerability 1, float, innate
caster, HP casting, extra vitality 1
}: 2/15 runes: decaying, serpentine
a: Renounce Religion, Potion Petition, Call Merchant, Bribe Branch


You were in the Desolation of Salt.
You worshipped Gozag.
Gozag was greatly pleased with you.
You visited 7 branches of the dungeon, and saw 33 of its levels.
You also visited: Ossuary and Desolation.

You collected 12167 gold pieces.
You spent 1645 gold pieces at shops.
You paid 4107 gold pieces to Gozag.

Inventory:

Hand Weapons
 F - the +8 scimitar of Premature Burial (weapon) {antimagic, rPois rCorr Int+6 Stlth-}
   (You bought it in a shop on level 1 of the Elven Halls)

   Int:       It affects your intelligence (+6).
   rPois:     It protects you from poison.
   rCorr:     It protects you from acid and corrosion.
   Stlth:     It makes you less stealthy.
 R - a +4 falchion of freezing
Missiles
 I - 2 throwing nets
Armour
 d - the +1 robe of Vines (worn) {NoPotionHeal Regen++++}
   (You found it on level 3 of the Lair of Beasts)

   NoPotionHeal: Its wearer cannot be healed by potions.
   Regen:     It increases your rate of health regeneration.
 e - a scarf of repulsion (worn)
 g - a +0 pair of gloves (worn)
 h - a +2 hat (worn)
 i - a +2 tower shield of cold resistance (worn)
 z - the +4 leather armour of the Quahog {rElec rF- rC++ Will+}
   (You bought it in a shop on level 2 of the Dungeon)

   rF:        It makes you vulnerable to fire.
   rC:        It greatly protects you from cold.
   rElec:     It insulates you from electricity.
   Will:      It increases your willpower.
Magical Staves
 b - a staff of cold
Jewellery
 l - a ring of willpower
 y - the ring "Idghaem" (right hand) {rPois rF+ rC+ rN+ Stlth+}
   (You found it on level 3 of the Lair of Beasts)

   [ring of poison resistance]

   rF:        It protects you from fire.
   rC:        It protects you from cold.
   rPois:     It protects you from poison.
   rN:        It protects you from negative energy.
   Stlth:     It makes you more stealthy.
 C - a ring of protection from cold
 E - a ring of positive energy
 N - the amulet "Weukin" (around neck) {rElec Regen+}
   (You bought it in a shop on level 2 of the Dungeon)

   [amulet of regeneration]

   rElec:     It insulates you from electricity.
   Regen:     It increases your rate of health regeneration.
 S - a ring of see invisible (left hand)
Wands
 o - a wand of mindburst (8)
 u - a wand of iceblast (49)
 D - a wand of digging (27)
 Q - a wand of quicksilver (14)
Scrolls
 k - 12 scrolls of teleportation
 m - 2 scrolls of magic mapping
 r - 13 scrolls of identify
 s - 4 scrolls of poison
 w - 2 scrolls of fear
 O - a scroll of fog
Potions
 f - 2 potions of cancellation
 n - 8 potions of resistance
 p - 8 potions of haste
 q - 8 potions of heal wounds
 v - 2 potions of ambrosia
 x - 2 potions of invisibility
 J - 9 potions of brilliance
 K - 8 potions of might
 P - 8 potions of curing
 W - a potion of berserk rage
Miscellaneous
 t - a condenser vane
 A - a phial of floods


   Skills:
 * Level 16.2 Fighting
 * Level 0.9 Long Blades
 - Level 4.0 Armour
 * Level 15.9 Dodging
 - Level 1.5 Stealth
 * Level 12.5 Shields
 + Level 20.2 Spellcasting


You had 11 spell levels left.
You knew the following spells:

 Your Spells              Type           Power      Damage    Failure   Level
a - Shock                 Conj/Air       100%       1d9       0%          1
b - Lesser Beckoning      Tloc           100%       N/A       0%          2
c - Passage of Golubria   Tloc           100%       N/A       0%          4
d - Static Discharge      Conj/Air       100%       2-7/arc   0%          2
e - Necrotise             Necr           100%       1d9       0%          1
l - Conjure Ball Lightni  Conj/Air       52%        3x3d18    1%          6
m - Monstrous Menagerie   Summ           52%        N/A       1%          7
p - Poisonous Vapours     Pois/Air       100%       N/A       0%          2
z - Airstrike             Air            52%        2d(8-24)  0%          4
A - Anguish               Hex/Necr       52%        N/A       0%          4
K - Statue Form           Tmut/Erth      69%        N/A       1%          6
L - Blade Hands           Tmut           52%        N/A       1%          5
M - Swiftness             Air            100%       N/A       0%          3
Your spell library was empty.

Dungeon Overview and Level Annotations

Branches:
Dungeon (15/15)            Temple (1/1) D:5            Lair (5/5) D:9
  Swamp (4/4) Lair:3        Snake (4/4) Lair:2        Slime (0/5) Lair:5
    Orc (2/2) D:12            Elf (2/3) Orc:2        Vaults (0/5) D:14
 Depths (0/4) D:15        Ossuary (visited)         Desolation (1/1)

Altars:
Ashenzari
Cheibriados
Dithmenos
Elyvilon
Fedhas
Gozag
Hepliaklqana
Makhleb
Nemelex Xobeh
Okawaru
Qazlal
Ru
Trog
Uskayaw
Wu Jian
Xom
Yredelemnul
Zin
The Shining One

Shops:
D:2 *[=   D:9 ![?   Orc:2 *[=(   Elf:1 (   Snake:1 *   Snake:2 (


Innate Abilities, Weirdness & Mutations

You are immune to sickness and miasma.
You are immune to poison.
Your flesh is very heat resistant. (rF++)
You are vulnerable to cold. (rC-)
You float through the air rather than walking.
You learn spells naturally, not from books.
Your magical power is your life essence.
You have superior vitality. (+4 MHP)


Message History

A saltling comes into view.
The crystal guardian fires a crystalline bolt at you.
The crystal bolt misses you.
The peacekeeper roars a battlecry!
The saltlings go into a battle-frenzy!
The halazid warlock touches you.
You writhe in agony.
The ragged hierophant gestures at you while chanting.
A blast of power from the earth and the adjacent constructs strikes you!
Your lindwurm bites the peacekeeper!
Your lindwurm claws the peacekeeper. x2
You block the saltling's attack. The saltling hits your lindwurm.
You are too berserk!
Unknown command.
Okay, then.
Unknown command.
Unknown command.
Unknown command.
Unknown command.
You slice the servant of whispers!!
The servant of whispers is heavily wounded.
You are no longer berserk.
You are exhausted.
You feel yourself slow down.
The ragged hierophant shouts!
The ironbound convoker shouts!
The peacekeeper bites you!!
* * * LOW HITPOINT WARNING * * *
You block the peacekeeper's attack. The saltling barely misses you.
The peacekeeper barely misses you. The peacekeeper claws you!
* * * LOW HITPOINT WARNING * * *
The peacekeeper roars a battlecry!
The saltling hits your lindwurm.
Your lindwurm bites the saltling.
Your lindwurm claws the saltling!
Your lindwurm claws the saltling but does no damage.
You block the crystal guardian's attack.
The servant of whispers hits you from afar with a +0 spear.
* * * LOW HITPOINT WARNING * * *
The halazid warlock misses you.
You block the crystal guardian's attack.
The ironbound convoker hits you with a +0 dire flail!!
You die...
Your body crumbles into a pile of gold.

.........................
.......9L9...9...........
.......a99.........8....#.
........aL999....$........
.....999a9.9.999....a.....
##....k..9a9.9.9.........
#......99aap9.$.........
##..9p9L.aa......$...$.
#...9@99p9a9$.........
#......a9p9a9..$........
#........999............
.8#....................# #
#.....9.........^...#.
.................9.....
#.....9.................
......................9.
..............


You could see 5 ragged hierophants, 5 servants of whispers, an imperial myrmidon
(sheltered, unable to see you), 3 halazid warlocks, 2 crystal guardians, 4
ironbound convokers, 6 peacekeepers, 30 saltlings and a friendly lindwurm
(summoned).

Vanquished Creatures
  Jorgrun (D:15)
  Gastronok (Lair:3)
  2 thorn hunters
  5 nagarajas
  An orc warlord (Orc:2)
  Aizul (Snake:3)
  A minotaur (D:13)
  3 eleionomae
  The ghost of Vorghiugo the Peltast, a journeyman OpAr of Cheibriados (Lair:5)
  3 bunyips
  Snorg (D:13)
  The ghost of vrbfk the Blocker, a journeyman MiFi of Okawaru (D:13)
  3 ragged hierophants
  An ettin (D:15)
  3 shambling mangroves
  3 vault guards (D:14)
  A peacekeeper (Desolation)
  8 salamander tyrants
  21 hydras
  3 centaur warriors
  An ogre mage (D:14)
  A rakshasa (D:13)
  4 boulder beetles
  7 anacondas
  2 catoblepae (Lair:5)
  15 naga warriors
  A deep troll shaman (Lair:5)
  3 two-headed ogres
  10 alligators
  8 death yaks
  5 dancing weapons
  A death knight (D:15)
  A tengu warrior (D:15)
  5 shock serpents
  4 orc high priests (Orc:2)
  4 naga sharpshooters
  3 deep elf knights (Elf:1)
  Nergalle (D:10)
  5 spriggans
  7 salamander mystics
  A sea snake (Snake:3)
  3 goliath frogs
  2 skysharks
  Pikel (D:5)
  A deep troll (D:15)
  A spriggan druid (Swamp:4)
  3 naga ritualists (Snake:4)
  7 swamp dragons
  10 bog bodies
  A wizard (D:14)
  7 deep elf zephyrmancers (Elf:1)
  A lindwurm (Lair:5)
  A necromancer (D:15)
  2 phantasmal warriors (Snake:3)
  An oklob plant (Lair:3)
  6 mana vipers
  5 deep elf archers
  9 deep elf pyromancers
  9 orc knights
  2 will-o-the-wisps
  20 salamanders
  8 orc sorcerers
  2 cyclopes
  7 manticores
  7 ugly things
  8 elephants
  24 black mambas
  18 naga magi
  3 guardian serpents
  Maurice (D:8)
  7 cane toads
  The ghost of Goldberg the Chopper, a novice HuFi of Ashenzari (D:5)
  A gargoyle (D:14)
  12 komodo dragons
  An unseen horror (D:12)
  Maggie (D:10)
  2 kobold demonologists
  Psyche (D:9)
  3 tengu conjurers
  2 yaktaurs
  4 rime drakes
  A spectral naga (Snake:3)
  2 bloated husks
  9 trolls
  9 tyrant leeches
  4 polar bears
  A raiju (shapeshifter) (D:15)
  7 dream sheep (Lair:5)
  8 blink frogs (Lair:3)
  21 saltlings
  7 hornets
  A spriggan (shapeshifter) (Elf:1)
  A shadow (D:5)
  5 slime creatures (D:15)
  5 wyverns
  A water elemental (Elf:2)
  A vampire (D:10)
  39 yaks
  6 basilisks
  3 wraiths
  A basilisk (shapeshifter) (D:15)
  13 vampire mosquitoes
  58 nagas
  16 swamp worms
  3 wargs
  14 water moccasins
  30 orc warriors
  2 black bears
  10 swamp drakes
  3 ice beasts
  2 ogres
  5 boggarts (D:14)
  16 wolves
  13 centaurs
  3 kobold brigands
  2 lemures
  5 phantoms
  14 bullfrogs
  5 scorpions
  A water moccasin zombie (D:5)
  A necrophage (D:5)
  2 wyvern zombies (D:5)
  16 wights
  A troll zombie (D:12)
  6 killer bees (D:8)
  4 electric eels
  2 howler monkeys
  2 centaur zombies (D:5)
  2 bullfrog zombies (D:5)
  8 hounds
  2 jellies
  A human zombie (D:5)
  15 orc priests
  Terence (D:2)
  25 orc wizards
  A killer bee zombie (D:5)
  5 ogre zombies (D:12)
  A hound zombie (D:5)
  10 mummies
  2 howler monkey zombies (D:5)
  Robin (D:2)
  3 gnolls (D:5)
  4 adders
  A white imp (D:7)
  5 ufetubi
  2 worms
  2 dart slugs
  52 orcs
  6 bats
  11 endoplasms
  4 giant cockroaches
  2 gnoll zombies (Ossuary)
  11 goblins
  14 hobgoblins
  5 jackals
  3 quokkas
  6 ball pythons
  2 frilled lizards (D:1)
  A goblin skeleton (D:12)
  4 goblin zombies (D:12)
  A hobgoblin skeleton (D:12)
  3 hobgoblin zombies
  15 kobolds
  2 kobold zombies (Ossuary)
  3 orc skeletons (D:12)
  11 orc zombies
  2 rats
  9 briar patches (Swamp:3)
997 creatures vanquished.

Vanquished Creatures (collateral kills)
  A swamp dragon (Swamp:4)
  A deep elf zephyrmancer (Elf:1)
  3 saltlings
  2 swamp drakes (Swamp:4)
  8 ball lightnings
15 creatures vanquished.

Vanquished Creatures (others)
  A peacekeeper (Elf:1)
  2 two-headed ogres
  A death yak (Lair:5)
  2 deep elf knights (Elf:1)
  A skyshark (Lair:4)
  A black mamba (Snake:2)
  2 elephants (Lair:5)
  A troll (D:11)
  A wyvern (Lair:3)
  2 yaks
  A wolf (Lair:2)
  410 ball lightnings
  2 foxfires (Swamp:2)
  33 fungi
  87 plants
547 creatures vanquished.

Grand Total: 1559 creatures vanquished

Notes
Turn   | Place    | Note
-------+----------+-------------------------------------------
     0 | D:1      | Banquo the Djinni Air Elementalist began the quest for the
                  | Orb.
     0 | D:1      | Banquo set off with the following spells memorised: Shock,
                  | Static Discharge, Swiftness, Airstrike.
     0 | D:1      | Reached XP level 1. HP: 15/15 MP: 0/0
   327 | D:1      | Reached XP level 2. HP: 18/22 MP: 0/0
   928 | D:1      | Reached skill level 3 in Spellcasting
  1183 | D:2      | Found Heberph's Jewellery Shop.
  1285 | D:2      | Found Dahu's General Store.
  1290 | D:2      | Reached skill level 1 in Fighting
  1290 | D:2      | Reached XP level 3. HP: 23/27 MP: 0/0
  1290 | D:2      | Learned a level 1 spell: Necrotise
  1397 | D:2      | Noticed Terence
  1596 | D:2      | Found Haruamo's Antique Armour Shop.
  1877 | D:2      | Reached XP level 4. HP: 31/32 MP: 0/0
  1917 | D:2      | Noticed Robin
  2024 | D:2      | Found Cumyrhid's General Store.
  2504 | D:3      | Reached XP level 5. HP: 12/37 MP: 0/0
  2504 | D:3      | Learned a level 2 spell: Poisonous Vapours
  3236 | D:4      | Reached skill level 4 in Spellcasting
  3327 | D:4      | Reached XP level 6. HP: 41/43 MP: 0/0
  3839 | D:4      | Reached skill level 5 in Spellcasting
  3839 | D:4      | Reached XP level 7. HP: 40/49 MP: 0/0
  3839 | D:4      | Learned a level 2 spell: Lesser Beckoning
  4234 | D:5      | Entered Level 5 of the Dungeon
  4388 | D:5      | Noticed a shadow
  4525 | D:5      | Found a staircase to the Ecumenical Temple.
  4538 | Temple   | Entered the Ecumenical Temple
  4933 | Temple   | Became a worshipper of Gozag Ym Sagoz the Greedy
  5038 | D:5      | Noticed Pikel
  5085 | D:5      | Killed Pikel
  5086 | D:5      | Reached skill level 6 in Spellcasting
  5086 | D:5      | Reached XP level 8. HP: 42/58 MP: 0/0
  5236 | D:5      | Found a runed translucent gate.
  5237 | D:5      | Found a runed translucent gate.
  5238 | D:5      | Found a runed translucent gate.
  5239 | D:5      | Noticed Goldberg's ghost (novice HuFi)
  5450 | D:5      | Reached skill level 7 in Spellcasting
  5674 | D:5      | Reached skill level 1 in Shields
  6063 | D:5      | Found a basalt altar of Yredelemnul.
  6174 | D:5      | Reached XP level 9. HP: 42/63 MP: 0/0
  6174 | D:5      | Learned a level 4 spell: Passage of Golubria
  6662 | D:6      | Found a snail-covered altar of Cheibriados.
  7098 | D:6      | Reached skill level 8 in Spellcasting
  8181 | D:7      | Reached skill level 5 in Fighting
  8598 | D:7      | Reached XP level 10. HP: 53/70 MP: 0/0
  9114 | D:7      | Reached skill level 9 in Spellcasting
  9502 | D:2      | Bought the amulet "Weukin" {rElec Regen+} for 528 gold
                  | pieces
  9731 | D:2      | Killed Robin
  9747 | D:2      | Found Haruamo's Antique Armour Shop.
  9851 | D:2      | Killed Terence
  9906 | D:2      | Found Dahu's General Store.
 10033 | D:2      | Bought a warped leather armour for 182 gold pieces
 10033 | D:2      | Identified the +4 leather armour of the Quahog {rElec rF-
                  | rC++ Will+} (You bought it in a shop on level 2 of the
                  | Dungeon)
 10149 | D:8      | Noticed a two-headed ogre
 10391 | D:8      | Killed a two-headed ogre
 10392 | D:8      | Reached skill level 1 in Armour
 10451 | D:8      | Noticed Maurice
 10455 | D:8      | Killed Maurice
 10456 | D:8      | Reached skill level 5 in Dodging
 10458 | D:8      | Found a sand-covered staircase.
 10486 | Ossuary  | Entered an ossuary
 12234 | D:9      | Noticed Psyche
 12243 | D:9      | Killed Psyche
 12339 | D:9      | Reached XP level 11. HP: 69/76 MP: 0/0
 12339 | D:9      | Learned a level 4 spell: Anguish
 12519 | D:9      | Found a staircase to the Lair.
 12624 | D:9      | Noticed a two-headed ogre
 12643 | D:9      | Killed a two-headed ogre
 12644 | D:9      | Reached skill level 10 in Spellcasting
 12851 | Lair:1   | Entered Level 1 of the Lair of Beasts
 12853 | Lair:1   | Identified a scroll of acquirement
 12853 | Lair:1   | Acquired a manual of Dodging
 12982 | Lair:1   | Noticed a boulder beetle
 13180 | Lair:1   | Killed a boulder beetle
 13181 | Lair:1   | Reached skill level 5 in Shields
 13585 | Lair:2   | Noticed a death yak
 13614 | Lair:1   | Killed a death yak
 13637 | Lair:2   | Noticed a death yak
 13637 | Lair:2   | Noticed a death yak
 13638 | Lair:2   | Noticed a death yak
 13640 | Lair:2   | Noticed a death yak
 13657 | Lair:1   | Killed a death yak
 13790 | Lair:1   | Reached skill level 11 in Spellcasting
 13995 | Lair:2   | Noticed a skyshark
 13997 | Lair:2   | Reached XP level 12. HP: 72/85 MP: 0/0
 14001 | Lair:2   | Killed a skyshark
 14422 | Lair:2   | Killed a death yak
 14496 | Lair:2   | Found a staircase to the Snake Pit.
 14893 | Lair:2   | Killed a death yak
 14897 | Lair:2   | Killed a death yak
 14947 | Lair:2   | Found a staircase to the Snake Pit.
 15413 | Lair:3   | Noticed a six-headed hydra
 15480 | Lair:3   | Reached skill level 12 in Spellcasting
 15582 | Lair:3   | Noticed Gastronok
 15714 | Lair:3   | Killed Gastronok
 15715 | Lair:3   | Reached XP level 13. HP: 49/92 MP: 0/0
 15715 | Lair:3   | Learned a level 5 spell: Blade Hands
 15801 | Lair:3   | Noticed a six-headed hydra
 15803 | Lair:3   | Noticed a six-headed hydra
 15805 | Lair:3   | Killed a six-headed hydra
 16027 | Lair:3   | Killed a six-headed hydra
 16084 | Lair:3   | Found a staircase to the Swamp.
 16196 | Lair:3   | Identified the ring "Idghaem" {rPois rF+ rC+ rN+ Stlth+}
 16251 | Lair:3   | Found the +1 robe of Vines {NoPotionHeal Regen++++}
 16256 | Lair:3   | Killed a six-headed hydra
 16257 | Lair:3   | Reached skill level 13 in Spellcasting
 16325 | Lair:3   | Reached skill level 10 in Dodging
 16657 | Lair:4   | Noticed a seven-headed hydra
 16660 | Lair:4   | Killed a seven-headed hydra
 16771 | Lair:4   | Noticed a six-headed hydra
 16777 | Lair:4   | Killed a six-headed hydra
 17140 | Lair:4   | Noticed a four-headed hydra
 17143 | Lair:4   | Killed a four-headed hydra
 17153 | Lair:4   | Noticed a seven-headed hydra
 17161 | Lair:4   | Killed a seven-headed hydra
 17430 | Lair:4   | Acquired a manual of Fighting
 17886 | Lair:5   | Entered Level 5 of the Lair of Beasts
 18162 | Lair:4   | Reached XP level 14. HP: 101/101 MP: 0/0
 18476 | Lair:5   | Reached skill level 14 in Spellcasting
 18622 | Lair:5   | Found a staircase to the Slime Pits.
 18721 | Lair:5   | Reached skill level 10 in Fighting
 18874 | Lair:5   | Found a runed translucent gate.
 18874 | Lair:5   | Found a runed translucent gate.
 18874 | Lair:5   | Found a runed translucent gate.
 18877 | Lair:5   | Noticed Vorghiugo's ghost (journeyman OpAr)
 20187 | D:10     | Entered Level 10 of the Dungeon
 20511 | D:10     | Noticed Nergalle
 20534 | D:10     | Killed Nergalle
 20599 | D:10     | Noticed Maggie
 20667 | D:10     | Killed Maggie
 21884 | D:11     | Reached XP level 15. HP: 110/110 MP: 0/0
 21884 | D:11     | Learned a level 6 spell: Conjure Ball Lightning
 22217 | D:11     | Reached skill level 15 in Spellcasting
 22923 | D:12     | You are sucked into a shaft and drop 1 floor!
 23080 | D:12     | Found a staircase to the Orcish Mines.
 23779 | D:5      | Killed Goldberg's ghost
 24064 | Lair:5   | Killed Vorghiugo's ghost
 24241 | Orc:1    | Entered Level 1 of the Orcish Mines
 24633 | Orc:2    | Entered Level 2 of the Orcish Mines
 25078 | Orc:2    | Found a staircase to the Elven Halls.
 25428 | Orc:2    | Noticed an orc warlord
 25435 | Orc:2    | Killed an orc warlord
 25490 | Orc:2    | Reached skill level 16 in Spellcasting
 25597 | Orc:2    | Found Woulup's Antique Armour Shop.
 25597 | Orc:2    | Found Fobuyhen's Antique Weapon Boutique.
 25602 | Orc:2    | Found Odetucacu's General Store.
 25602 | Orc:2    | Found Luiwk's Jewellery Shop.
 25606 | Orc:2    | Bought a potion of haste for 150 gold pieces
 25606 | Orc:2    | Bought a potion of heal wounds for 75 gold pieces
 26056 | D:13     | Reached skill level 10 in Shields
 26118 | D:13     | Noticed Snorg
 26129 | D:13     | Killed Snorg
 26356 | D:13     | Noticed vrbfk's ghost (journeyman MiFi)
 26456 | D:13     | Found a runed translucent gate.
 26456 | D:13     | Found a runed translucent gate.
 26456 | D:13     | Found a runed translucent gate.
 26520 | D:13     | Killed vrbfk's ghost
 26521 | D:13     | Reached XP level 16. HP: 111/120 MP: 0/0
 27428 | D:14     | Found a gate to the Vaults.
 27752 | D:15     | Entered Level 15 of the Dungeon
 27964 | D:15     | Found a staircase to the Depths.
 28032 | D:15     | Reached skill level 17 in Spellcasting
 28144 | D:15     | Noticed Jorgrun
 28384 | D:15     | Killed Jorgrun
 28722 | D:9      | Bought a runed buckler for 255 gold pieces
 28781 | Snake:1  | Entered Level 1 of the Snake Pit
 29454 | Snake:1  | Found Soag Yre's Assorted Antiques.
 29832 | Snake:1  | Identified the +1 plate armour of Hangman {Rampage rElec
                  | rC- SInv}
 30009 | Snake:1  | Reached XP level 17. HP: 129/129 MP: 0/0
 30009 | Snake:1  | Learned a level 6 spell: Statue Form
 31106 | Snake:2  | Found Bostruog's Weapon Shoppe.
 31871 | Snake:3  | Reached skill level 18 in Spellcasting
 31962 | Snake:3  | Noticed Aizul
 31992 | Snake:3  | Killed Aizul
 32102 | Snake:3  | Reached skill level 15 in Fighting
 33272 | Snake:4  | Entered Level 4 of the Snake Pit
 33630 | Snake:4  | Reached XP level 18. HP: 138/138 MP: 0/0
 34314 | Snake:4  | Reached skill level 19 in Spellcasting
 34518 | Snake:4  | Got a serpentine rune of Zot
 34987 | Swamp:1  | Entered Level 1 of the Swamp
 35604 | Swamp:2  | Reached skill level 15 in Dodging
 36658 | Swamp:4  | Entered Level 4 of the Swamp
 36986 | Swamp:4  | Reached XP level 19. HP: 145/145 MP: 0/0
 36986 | Swamp:4  | Learned a level 7 spell: Monstrous Menagerie
 37384 | Swamp:4  | Got a decaying rune of Zot
 37676 | Elf:1    | Entered Level 1 of the Elven Halls
 37807 | Elf:1    | Reached skill level 20 in Spellcasting
 37858 | Elf:1    | You are sucked into a shaft and drop 1 floor!
 38028 | Elf:1    | Found Cuklodoa's Antique Weapon Shoppe.
 38036 | Elf:1    | Bought a faintly glowing scimitar for 234 gold pieces
 38036 | Elf:1    | Identified the +8 scimitar of Premature Burial {antimagic,
                  | rPois rCorr Int+6 Stlth-} (You bought it in a shop on level
                  | 1 of the Elven Halls)
 38036 | Elf:1    | Bought a twisted trident for 221 gold pieces
 38036 | Elf:1    | Identified the +2 trident of Revolt {antimagic, Fragile
                  | Will+ rCorr Stlth+} (You bought it in a shop on level 1 of
                  | the Elven Halls)
 38095 | Elf:1    | Found a crumbling gateway.
 38106 | Desolati | Entered the Desolation of Salt
 38182 | Desolati | Slain by an ironbound convoker

Illustrated notes

Levels and vault maps discovered:
D:1:      moated_graveyard_arrival, layout_basic, chequers_big_river,
          nicolae_figureground_pulse
D:2:      layout_loops_ring, serial_shops, nicolae_shop_hallway_stairs, shop,
          nicolae_diamond_shop, nicolae_shop_statue_plus,
          chequers_serial_rivers_room_b, uniq_terence, uniq_robin
D:3:      layout_basic
D:4:      layout_loops_ring
D:5:      layout_loops_ring, lemuel_mausoleum_altar_yredelemnul, temple_pool_b,
          gammafunk_ghost_necromancy, lightli_corner_chamber, uniq_pikel
D:6:      layout_layer_cave, nicolae_overflow_crystal_walls, item_on_display_a
D:7:      layout_loops_ring, grunt_tough_drop
D:8:      layout_layer_cave, lightli_ossuary_entry_decrepit_ruins, uniq_maurice
D:9:      layout_cave_pools, dpeg_oklobed_lair, serial_column_ruins,
          column_ruins_hut, column_ruins_hut, column_ruins_grid_1,
          column_ruins_open_tiny, column_ruins_open_small, column_ruins_grid_2,
          uniq_psyche
D:10:     layout_loops_ring, minivault_16, minmay_misc_feat_columns,
          uniq_nergalle, uniq_maggie
D:11:     layout_basic
D:12:     layout_long_grid, zombieorc1_lemuel, kennysheep_generic_room_8
D:13:     layout_basic, maelrawn_ghost_gauntlet_escape, uniq_snorg
D:14:     layout_irregular_city, grunt_vaults_entry_fortified, minivault_19,
          serial_bayou_pond_c
D:15:     hangedman_depths_entry_civil_slaughter, layout_rooms,
          minmay_misc_feat_hallway, uniq_jorgrun
Temple:   mainiacjoe_temple_big_plus
Lair:1:   layout_misc_corridors, grunt_megastairs_1
Lair:2:   layout_gridlike, minmay_snake_entry_guardpost_small
Lair:3:   layout_loops_ring, skrybe_swamp_entry_bodies,
          hellmonk_guarded_unrand_vines, infiniplex_staircase_pool_2,
          serial_bayou_shore_a, uniq_gastronok
Lair:4:   layout_layer_cave, grunt_megastairs_4, lemuel_fruit_fields
Lair:5:   grunt_lair_end_beastmaster, layout_gridlike,
          dpeg_slime_entry_enclosed, ebering_ghost_rock_garden,
          lemuel_fruit_fields
Swamp:1:  layout_basic_swamp, nicolae_swamp_oxbows, wheals_swamp_sinkhole,
          infiniplex_staircase_pool
Swamp:2:  layout_falls_marsh, hangedman_swamp_ruin_hall
Swamp:3:  layout_basic_swamp, nicolae_swamp_dense_foliage
Swamp:4:  swamp_basic_johnstein, layout_basic_swamp, swamp_pool3
Snake:1:  cheibrodos_snake_lava_hold, layout_chambers, serial_shops,
          nicolae_take_the_stairs
Snake:2:  layout_honeycomb, serial_shops, shop
Snake:3:  layout_honeycomb, serial_bayou, serial_bayou_pond_b,
          serial_bayou_pond_a, serial_bayou_pond_c, serial_bayou_pond_c,
          serial_bayou_pond_c, nicolae_snake_ghostly_warrior_ritual, uniq_aizul
Snake:4:  minmay_snake_end_coiled, layout_layer_cave
Orc:1:    layout_caves
Orc:2:    st_orc_congregation, layout_caves
Elf:1:    kennysheep_spiral_hall, layout_loops_cross,
          portal_desolation_entry_salt, serial_shops, nicolae_shop_trees,
          evilmike_minifort
Elf:2:    nicolae_elf_blades_splatter_lattice
          [nicolae_blade_entry_splitting_headache], layout_gridlike,
          serial_shops, shop, nrook_uturn
Desolation

Skill      XL: |  1  2  3  4  5  6  7  8  9 10 11 12 13 14 15 16 17 18 19 |
---------------+----------------------------------------------------------+-----
Spellcasting   | 3 4 5 6 7 8 9 11 12 13 14 16 17 18 19 20 | 20.2
Fighting       | 1 2 3 4 5 6 7 8 9 11 12 14 15 16 | 16.2
Shields        | 1 3 4 5 6 8 9 10 11 12 | 12.5
Dodging        | 4 5 7 9 10 12 13 14 15 | 15.9
Armour         | 2 4 |  4.0
Long Blades    | |  0.9
Stealth        | |  1.5

Action                     |  1- 3 |  4- 6 |  7- 9 | 10-12 | 13-15 | 16-18 | 19-21 || total
---------------------------+-------+-------+-------+-------+-------+-------+-------++-------
  Melee: Dagger            |       |       |     2 |       |     4 |    16 |       ||    22
         Scimitar          |       |       |       |       |       |       |    11 ||    11
   Cast: Shock             |    72 |   104 |   123 |    52 |       |       |     1 ||   352
         Static Discharge  |       |     5 |       |    26 |    25 |     6 |       ||    62
         Poisonous Vapours |       |     8 |    18 |    32 |    42 |    10 |       ||   110
         Airstrike         |       |       |    63 |   196 |   702 |   696 |   159 ||  1816
         Swiftness         |       |       |     1 |     5 |       |       |       ||     6
         Passage of Golubr |       |       |       |     2 |     6 |       |     1 ||     9
         Anguish           |       |       |       |    13 |    20 |    11 |       ||    44
         Conjure Ball Ligh |       |       |       |       |    31 |   113 |    32 ||   176
         Blade Hands       |       |       |       |       |     1 |       |       ||     1
         Monstrous Menager |       |       |       |       |       |       |    10 ||    10
 Invoke: Call Merchant     |       |       |       |       |       |     3 |       ||     3
         Potion Petition   |       |       |       |       |       |       |     3 ||     3
  Evoke: Wand              |       |       |       |       |     2 |       |       ||     2
    Use: Scroll            |       |    13 |     4 |     8 |     2 |     7 |     1 ||    35
         Potion            |       |       |       |       |       |     1 |       ||     1
   Stab: Sleeping          |       |       |       |       |     1 |       |       ||     1
 Armour: Robe              |     3 |     7 |    16 |     1 |    31 |     8 |     2 ||    68
         Leather armour    |       |       |       |    24 |     1 |       |       ||    25
  Dodge: Dodged            |     6 |    15 |    45 |    50 |   116 |    85 |    38 ||   355
         Repelled          |       |       |       |       |     1 |    15 |     5 ||    21
  Block: Kite shield       |       |       |       |    57 |   133 |    67 |       ||   257
         Tower shield      |       |       |       |       |       |    26 |    46 ||    72
         Reflection        |       |       |       |       |       |     2 |       ||     2

Table legend: (Time is in decaauts)
 A = Elapsed time spent in this place.
 B = Non-inter-level travel time spent in this place.
 C = Inter-level travel time spent in this place.
 D = Time resting spent in this place.
 E = Time spent auto-exploring this place.
 F = Levels seen in this place.
 G = Mean time per level.
                   A        B        C        D        E       F      G
               +--------+--------+--------+--------+--------+-----+--------+
         Total |  38272 |  33505 |   4767 |   2907 |  19584 |  35 | 1093.5 |
       Dungeon |  19093 |  16489 |   2604 |   1565 |  10903 |  15 | 1272.9 |
        Temple |    425 |    392 |     33 |      0 |    385 |   1 |  425.0 |
          Lair |   7791 |   6601 |   1190 |    548 |   3524 |   5 | 1558.2 |
         Swamp |   2489 |   2302 |    187 |     18 |   1189 |   4 |  622.2 |
     Snake Pit |   5974 |   5394 |    580 |    723 |   2799 |   4 | 1493.5 |
  Orcish Mines |   1747 |   1577 |    170 |     33 |    702 |   2 |  873.5 |
   Elven Halls |    428 |    426 |      2 |      0 |      0 |   2 |  214.0 |
       Ossuary |    246 |    246 |      0 |     20 |     82 |   1 |  246.0 |
    Desolation |     75 |     75 |      0 |      0 |      0 |   1 |   75.0 |
               +--------+--------+--------+--------+--------+-----+--------+

Top non-repeatable levels by time:
  Lair:5: 2234 daAuts
     D:5: 1993 daAuts
  Lair:2: 1893 daAuts
 Snake:1: 1832 daAuts
     D:7: 1754 daAuts
     D:8: 1749 daAuts
    D:10: 1692 daAuts
     D:2: 1558 daAuts
 Snake:4: 1478 daAuts
 Snake:3: 1472 daAuts
     D:1: 1435 daAuts
     D:6: 1317 daAuts
  Lair:4: 1271 daAuts
  Lair:3: 1242 daAuts
     D:4: 1208 daAuts
